 Dungeon Crawl Stone Soup version 0.30-a0-1157-g2cc9ac7196 (webtiles) character file.

Game seed: 7086085592485908025

912 ytrimaz the Cleaver (level 7, -4/64 HPs)
             Began as a Demonspawn Fighter on Apr 24, 2023.
             Slain by a vampire (10 damage)
             ... on level 6 of the Dungeon.
             The game lasted 00:05:06 (4120 turns).

ytrimaz the Cleaver (Demonspawn Fighter)            Turns: 4120, Time: 00:05:06

Health: -4/64      AC: 10    Str: 18      XL:     7   Next: 82%
Magic:  7/7        EV:  9    Int:  7 (10) God:
Gold:   258        SH:  0    Dex: 12      Spells: 6/6 levels left

rFire   . . .        a - +1 war axe
rCold   . . .        c - +0 buckler
rNeg    . . .        b - +0 scale mail
rPois   .            (helmet restricted)
rElec   .            (no cloak)
rCorr   .            g - +0 pair of gloves
SInv    .            (no boots)
Will    .....        q - amulet of reflection Stlth
                     (no ring)
HPRegen 0.30/turn    (no ring)
MPRegen 0.10/turn

%: reflection
@: confused, mighty, weakened
A: horns 1, rugged brown scales 3
a: no special abilities


You were on level 6 of the Dungeon.
You visited 1 branch of the dungeon, and saw 6 of its levels.

You collected 258 gold pieces.


Innate Abilities, Weirdness & Mutations

You have a pair of small horns on your head.
You are completely covered in rugged brown scales. (AC +3, +7% HP)


   Skills:
 - Level 7.4 Fighting
 * Level 10.7 Axes
 - Level 2.6 Armour
 - Level 4.0 Shields


You had 6 spell levels left.
You didn't know any spells.
Your spell library contained the following spells:

 Spells                   Type           Power      Damage    Failure   Level
 Ensorcelled Hibernation  Hex/Ice        0%         N/A       96%         2
 Lesser Beckoning         Tloc           0%         N/A       96%         2
 Passwall                 Tmut/Erth      0%         N/A       96%         2
 Gell's Gravitas          Tloc           0%         N/A       99%         3
 Swiftness                Air            0%         N/A       99%         3
 Teleport Other           Tloc           0%         N/A       99%         3

Inventory:

Hand Weapons
 a - a +1 war axe (weapon)
Armour
 b - a +0 scale mail (worn)
 c - a +0 buckler (worn)
 g - a +0 pair of gloves (worn)
   (You found it on level 2 of the Dungeon)
Jewellery
 q - an amulet of reflection (around neck)
   (You found it on level 5 of the Dungeon)
Wands
 m - a wand of charming (7)
   (You found it on level 4 of the Dungeon)
 n - a wand of roots (7) (quivered)
   (You found it on level 4 of the Dungeon)
Scrolls
 e - 2 scrolls of immolation
 f - a scroll of identify
 i - a scroll of fog
 l - 2 scrolls of teleportation
 p - a scroll of enchant weapon
Potions
 d - a potion of might
 j - 2 potions of degeneration
 k - a potion of cancellation
 o - a potion of mutation

Dungeon Overview and Level Annotations

Branches:
Dungeon (6/15) Zot: 26976
 Temple: D:4-7

Altars:
Cheibriados
Makhleb
Nemelex Xobeh
Sif Muna
Xom
Yredelemnul

Shops:
D:1 ?

Annotations:
D:3 1 runed translucent door, avangion's ghost, amateur GnCj

#..# ....
.g..#g
####....g.
....g#..<..
#....#.g...
#......#..
##.#.....#
#@.......#
###!)....##
#....!..#
#.......#
.........#
...###.#....#
#... .#.#...
#.. .# # .#
#. .# #


You could see 3 gnolls.


Message History

The vampire points at you and mumbles some strange words.
You resist with significant effort.
You hit the vampire but do no damage. Your headbutt misses the vampire.
A gnoll comes into view. It is wielding a +0 whip.
The vampire hits you but does no damage.
You block the vampire's attack.
Unknown command.
The gnoll shouts!
You slash the vampire!
You headbutt the vampire, but do no damage.
You hear a shout!
The vampire draws life force from you.
The vampire is healed by the life force!
The vampire closely misses you. x2
You hit the vampire but do no damage. 😕 HP[-4]
You take 4 damage, and now have 60/64 hp.
You hit the vampire but do no damage. Your headbutt misses the vampire.
The vampire gestures at you while chanting.
You resist with significant effort.
You hit the vampire. Your headbutt misses the vampire.
You completely miss the white imp. The vampire hits you. The vampire bites you.
The vampire draws strength from your injuries!
The white imp gestures at you. The puff of frost hits you. 😕 HP[-9]
You take 9 damage, and now have 51/64 hp.
Unknown command.
You hit the vampire.
You headbutt the vampire, but do no damage.
You slash the white imp!
The vampire mumbles some strange words.
The vampire flickers and vanishes!
Deactivating autopickup; reactivate with Ctrl-A.
You block the white imp's attack.
You slash the white imp!
You kill the white imp!
You closely miss something.
You hear some strange, mumbled words.
You are confused. 😕 HP[+1]
You are too confused!
You're too confused to move!
You hear some strange, mumbled words.
You are more confused.
The gnoll misses you.
Okay, then.
You are too confused!
Something hits you! Something bites you.
Something draws strength from your injuries! 😮 HP[-14]
You take 14 damage, and now have 38/64 hp.
MASSIVE DAMAGE!! (PAUSE)
Okay, then.
You are too confused!
You feel very mighty all of a sudden. Something hits you but does no damage.
Something bites you.
Something draws strength from your injuries!
The gnoll hits you with a +0 whip.
* * * LOW HITPOINT WARNING * * *
😨 HP[-9]
You take 9 damage, and now have 29/64 hp.
Unknown command.
You miss something. You slash the gnoll!
You kill the gnoll!
Something hits you but does no damage. Something bites you.
* * * LOW HITPOINT WARNING * * *
Something draws strength from your injuries! 😨 HP[-4]
You take 4 damage, and now have 25/64 hp.
Unknown command.
A gnoll bouda comes into view. It is wielding a +0 club.
The gnoll bouda shouts!
You hear a shout!
Something hits you!
* * * LOW HITPOINT WARNING * * *
Something bites you.
* * * LOW HITPOINT WARNING * * *
Something draws strength from your injuries!
The gnoll bouda barks out a call to the hunt!
A gnoll comes into view. It is wielding a +0 spear.
You see here a potion of curing. 😱 HP[-11]
You take 11 damage, and now have 14/64 hp.
You bump into the rock wall.
The gnoll shouts!
You hear a shout!
Something hits you but does no damage. Something bites you but does no damage.
The gnoll bouda gazes fiercely through you!
You feel your attacks grow feeble.
A gnoll comes into view.
It is wielding a +0 spear. 😱 HP[+1] Unknown command.
Unknown command.
Unknown command.
A gnoll comes into view. It is wielding a +0 whip.
There is a stone staircase leading up here.
Unknown command.
Something hits you!
* * * LOW HITPOINT WARNING * * *
Something bites you!
You die...

Skill      XL: |  1  2  3  4  5 |
---------------+----------------+-----
Axes           | 2 3 4 10 | 10.7
Shields        | 3 4 |  4.0
Fighting       | 7 |  7.4
Armour         | |  2.6

Action                     |  1- 3 |  4- 6 |  7- 9 || total
---------------------------+-------+-------+-------++-------
  Melee: War axe           |    78 |    71 |    95 ||   244
         Headbutt          |     6 |     8 |    12 ||    26
    Use: Scroll            |     1 |     5 |     5 ||    11
         Potion            |       |     5 |     2 ||     7
 Armour: Scale mail        |    40 |    61 |    49 ||   150
  Dodge: Dodged            |    45 |    32 |    34 ||   111
  Block: Buckler           |    21 |    12 |    41 ||    74

Levels and vault maps discovered:
D:1:      minmay_arrival_diagonal_passages, layout_loops_ring, serial_shops,
          shop, fountainhead
D:2:      layout_basic, basic_altar, uniq_robin, uniq_terence
D:3:      layout_loops_ring, ebering_ghost_sewer_d
D:4:      layout_basic, chequers_temple_overflow_statue_of_worship,
          nicolae_eternal_life
D:5:      layout_rooms, mainiacjoe_overflow_concentric_impassable,
          minmay_fractal_squares_diagonal_5
D:6:      layout_basic, st_stairs_12, nicolae_inconvenience_store,
          minmay_liquid_box, uniq_blork_the_orc

Notes
Turn   | Place    | Note
-------+----------+-------------------------------------------
     0 | D:1      | ytrimaz the Demonspawn Fighter began the quest for the Orb.
     0 | D:1      | Reached XP level 1. HP: 18/18 MP: 1/1
     0 | D:1      | magus.rc [v1.9.6]
    60 | D:1      | Reached skill level 2 in Axes
    67 | D:1      | Reached skill level 3 in Shields
    67 | D:1      | Gained mutation: You have a pair of small horns on your
                  | head. [demonic ancestry]
    67 | D:1      | Reached XP level 2. HP: 18/24 MP: 2/2
    99 | D:1      | Found Bitwimax's Magic Scroll Shop.
   782 | D:2      | Gained mutation: You are partially covered in rugged brown
                  | scales. (AC +1, +3% HP) [demonic ancestry]
   782 | D:2      | Reached XP level 3. HP: 24/29 MP: 3/3
   811 | D:2      | You pick up a book of Displacement and begin reading...
   811 | D:2      | You add the spells Lesser Beckoning, Gell's Gravitas and
                  | Teleport Other to your library.
   885 | D:2      | Noticed Terence
   891 | D:2      | Killed Terence
   993 | D:2      | Found a basalt altar of Yredelemnul.
  1029 | D:2      | Reached skill level 3 in Axes
  1050 | D:2      | Gained mutation: You are mostly covered in rugged brown
                  | scales. (AC +2, +5% HP) [demonic ancestry]
  1050 | D:2      | Reached XP level 4. HP: 29/36 MP: 4/4
  1334 | D:2      | Identified the +2 helmet of Wonder {Int+3 Stlth+}
  1334 | D:2      | Noticed Robin
  1341 | D:2      | Killed Robin
  1701 | D:3      | Reached skill level 4 in Shields
  1884 | D:3      | Found a runed translucent door.
  1889 | D:3      | Noticed avangion's ghost (amateur GnCj)
  2432 | D:4      | Noticed an ogre
  2435 | D:4      | HP: 4/36 [ogre/+0 giant club (32)]
  2439 | D:4      | Killed an ogre
  2440 | D:4      | Reached skill level 4 in Axes
  2440 | D:4      | Reached XP level 5. HP: 9/43 MP: 5/5
  2678 | D:4      | HP: 9/41 [something (2)]
  2681 | D:4      | HP: 4/41 [something/puff of flame (4)]
  2690 | D:4      | Identified a potion of experience
  2690 | D:4      | Reached skill level 7 in Fighting
  2690 | D:4      | Reached skill level 10 in Axes
  2690 | D:4      | Gained mutation: You are completely covered in rugged brown
                  | scales. (AC +3, +7% HP) [demonic ancestry]
  2690 | D:4      | Reached XP level 6. HP: 8/58 MP: 6/6
  2694 | D:4      | Reached XP level 7. HP: 10/64 MP: 7/7
  3178 | D:4      | Found a snail-covered altar of Cheibriados.
  3178 | D:4      | Found a shimmering blue altar of Sif Muna.
  3179 | D:4      | Found a burning altar of Makhleb.
  3179 | D:4      | Found a shimmering altar of Xom.
  3307 | D:5      | Entered Level 5 of the Dungeon
  3556 | D:5      | Found a sparkling altar of Nemelex Xobeh.
  3672 | D:5      | HP: 15/64 [orc/+0 club (2)]
  3774 | D:5      | You pick up a book of Burglary and begin reading...
  3774 | D:5      | You add the spells Passwall, Ensorcelled Hibernation and
                  | Swiftness to your library.
  4101 | D:6      | Noticed a vampire
  4116 | D:6      | HP: 16/64 [something (9)]
  4120 | D:6      | HP: 6/64 [something (9)]
  4120 | D:6      | Slain by a vampire

Vanquished Creatures
  An ogre (D:4)
  5 hounds
  An orc priest (D:5)
  2 iguanas (D:5)
  2 sleepcaps (D:5)
  Terence (D:2)
  3 orc wizards
  Robin (D:2)
  7 adders
  A gnoll (D:6)
  A white imp (D:6)
  A worm (D:2)
  2 dart slugs (D:1)
  16 orcs
  5 endoplasms
  3 giant cockroaches
  7 hobgoblins
  4 jackals (D:2)
  5 quokkas
  2 ball pythons
  5 bats
  5 frilled lizards
  13 goblins
  5 kobolds
  5 rats
103 creatures vanquished.

Table legend:
 A = Non-vault XP
 B = Vault XP
 C = Vault XP percentage of total XP
 D = Non-vault monster count
 E = Vault monster count
 F = Vault count percentage of total count
                 A         B        C        D         E       F
            +---------+---------+-------+---------+---------+-------
      Total |     723 |     240 |  24.9 |      83 |      20 |  19.4
            +---------+---------+-------+---------+---------+-------
        D:1 |      24 |       0 |   0.0 |      14 |       0 |   0.0
        D:2 |      57 |      71 |  55.5 |      25 |      12 |  32.4
        D:3 |      43 |       0 |   0.0 |      15 |       0 |   0.0
        D:4 |     210 |       0 |   0.0 |      10 |       0 |   0.0
        D:5 |     323 |     169 |  34.3 |      16 |       8 |  33.3
        D:6 |      66 |       0 |   0.0 |       3 |       0 |   0.0
            +---------+---------+-------+---------+---------+-------

Skill      XL: |  1  2  3  4  5 |
---------------+----------------+-----
Axes           | 2 3 4 10 | 10.7
Shields        | 3 4 |  4.0
Fighting       | 7 |  7.4
Armour         | |  2.6

Action                     |  1- 3 |  4- 6 |  7- 9 || total
---------------------------+-------+-------+-------++-------
  Melee: War axe           |    78 |    71 |    95 ||   244
         Headbutt          |     6 |     8 |    12 ||    26
    Use: Scroll            |     1 |     5 |     5 ||    11
         Potion            |       |     5 |     2 ||     7
 Armour: Scale mail        |    40 |    61 |    49 ||   150
  Dodge: Dodged            |    45 |    32 |    34 ||   111
  Block: Buckler           |    21 |    12 |    41 ||    74

Illustrated notes

Table legend:
 A = Kills in this place as a percentage of kills in the entire game.
 B = Kills by you in this place as a percentage of kills by you in the entire game.
 C = Kills by friends in this place as a percentage of kills by friends in the entire game.
 D = Other kills in this place as a percentage of other kills in the entire game.
 E = Experience gained in this place as a percentage of experience gained in the entire game.
 F = Experience gained in this place divided by the number of levels of this place that you have seen.
                   A       B       C       D       E      F
               +-------+-------+-------+-------+-------+----------------------
         Total | 100.0 | 100.0 |   N/A |   N/A | 100.0 | 160.5
       Dungeon | 100.0 | 100.0 |   N/A |   N/A | 100.0 | 160.5
               +-------+-------+-------+-------+-------+----------------------

Table legend: (Time is in decaauts)
 A = Elapsed time spent in this place.
 B = Non-inter-level travel time spent in this place.
 C = Inter-level travel time spent in this place.
 D = Time resting spent in this place.
 E = Time spent auto-exploring this place.
 F = Levels seen in this place.
 G = Mean time per level.
                   A        B        C        D        E       F      G
               +--------+--------+--------+--------+--------+-----+--------+
         Total |   4192 |   4052 |    140 |     28 |   3317 |   6 |  698.7 |
       Dungeon |   4192 |   4052 |    140 |     28 |   3317 |   6 |  698.7 |
               +--------+--------+--------+--------+--------+-----+--------+

Top non-repeatable levels by time:
     D:2: 1004 daAuts
     D:4: 898 daAuts
     D:5: 791 daAuts
     D:3: 754 daAuts
     D:1: 720 daAuts
     D:6: 22 daAuts
